 Dungeon Crawl Stone Soup version 0.17-a0-1056-g838d5c0 (webtiles) character file.

6710 halfnothing the Blocker (level 11, -19/60 HPs)
             Began as a Gargoyle Fighter on May 16, 2015.
             Was a Believer of Okawaru.
             Demolished by a komodo dragon (21 damage)
             ... on level 10 of the Dungeon.
             The game lasted 00:55:42 (7328 turns).

halfnothing the Blocker (Gargoyle Fighter)          Turns: 7328, Time: 00:55:42

Health: -19/60     AC: 23    Str: 22    XL:     11   Next: 3%
Magic:  0/11       EV: 12    Int: 10    God:    Okawaru [**....]
Gold:   524        SH: 14    Dex:  9    Spells: 0 memorised, 10 levels left

rFire  . . .     SeeInvis .     a - +3 morningstar
rCold  . . .     Clarity  .     K - +3 ring mail
rNeg   + . .     SustAb   .     c - +0 shield
rPois  ∞         Gourm    .     C - +0 helmet
rElec  +         Spirit   +     y - +0 cloak
rCorr  .         Warding  .     E - +0 pair of gloves
rMut   .         Stasis   .     r - +0 pair of boots
MR     .....                    k - amulet of guardian spirit
Stlth  ++........               (no ring)
                                j - +1 ring of protection

@: heroism, very slightly contaminated, hasted, very quick, not resistant to
hostile enchantments, unstealthy
A: negative energy resistance 1, electricity resistance, unbreathing,
petrification resistance, rot immunity, AC +7
a: Heroism, Renounce Religion


You were on level 10 of the Dungeon.
You worshipped Okawaru.
Okawaru was pleased with you.
You were not hungry.

You visited 2 branches of the dungeon, and saw 12 of its levels.

You collected 524 gold pieces.

Inventory:

Hand weapons
 a - a +3 morningstar (weapon)
 b - a +0 flail of holy wrath
Armour
 c - a +0 shield (worn)
 o - a +2 chain mail of cold resistance
 r - a +0 pair of boots (worn)
 y - a +0 cloak (worn)
 C - a +0 helmet (worn)
 E - a +0 pair of gloves (worn)
 K - a +3 ring mail (worn)
Jewellery
 j - a +1 ring of protection (left hand)
 k - an amulet of guardian spirit (around neck)
 v - an uncursed ring of teleportation
Magical devices
 B - a wand of fire (5)
 H - a wand of digging (13)
 P - a wand of hasting (0)
 R - a wand of disintegration (11)
 T - a wand of cold (3)
 V - a wand of flame (30)
Scrolls
 d - 3 scrolls of immolation {unknown}
 h - 9 scrolls of identify
 l - 6 scrolls of remove curse
 p - 3 scrolls of teleportation {unknown}
 u - 3 scrolls of random uselessness {unknown}
 w - a scroll of fog {unknown}
 G - 2 scrolls of enchant armour {unknown}
 L - 2 scrolls of fear {unknown}
 N - a scroll of amnesia {unknown}
 O - 2 scrolls of recharging {unknown}
 Q - 3 scrolls of magic mapping {unknown}
 S - a scroll of blinking {unknown}
 U - a scroll of vulnerability {unknown}
Potions
 f - 2 potions of flight {unknown}
 g - 2 potions of ambrosia {unknown}
 m - a potion of mutation {unknown}
 n - a potion of agility {unknown}
 q - a potion of haste {unknown}
 s - 4 potions of brilliance {unknown}
 t - 2 potions of heal wounds {unknown}
 x - 3 potions of curing {unknown}
 z - 2 potions of magic {unknown}
 A - 3 potions of might
 J - 5 potions of degeneration {unknown}
Books
 I - a Young Poisoner's Handbook

   Spells                             Type                      Level
   a - Sting                          Conjuration/Poison           1
   b - Cure Poison                    Poison                       2
   c - Mephitic Cloud                 Conjuration/Poison/Air       3
   d - Olgreb's Toxic Radiance        Poison                       4
   e - Venom Bolt                     Conjuration/Poison           5
 Y - a book of Battle

   Spells                             Type                      Level
   a - Infusion                       Charms                       1
   b - Shroud of Golubria             Charms/Translocation         2
   c - Song of Slaying                Charms                       2
   d - Spectral Weapon                Hexes/Charms                 3
   e - Regeneration                   Charms/Necromancy            3
Comestibles
 e - 3 bread rations
 i - 3 meat rations
 D - 3 beef jerkies
 F - 2 royal jellies
 M - a slice of pizza
 Z - 2 fruits


   Skills:
 - Level 3.2(8.2) Fighting
 - Level 12.0(17.0) Maces & Flails
 - Level 3.2(8.2) Armour
 + Level 12.3(17.3) Shields


You had 10 spell levels left.
You didn't know any spells.

Dungeon Overview and Level Annotations

Branches:
Dungeon (11/15)            Temple (1/1) D:7
   Lair: D:8-11         Orc: D:9-12

Altars:
Ashenzari
Cheibriados
Dithmenos
Elyvilon
Fedhas
Gozag
Kikubaaqudgha
Makhleb
Nemelex Xobeh
Okawaru
Qazlal
Ru
Sif Muna
Trog
Vehumet
Xom
Yredelemnul
Zin
The Shining One

Shops:
D:5 (

Annotations:
D:9 Erica
D:11 Fannar


Innate Abilities, Weirdness & Mutations

You are resistant to torment.
Your stone body is resilient (AC +7).
You are immune to poison.
You resist negative energy.
You are resistant to electric shocks.
You can survive without breathing.
You are immune to petrification.
You are immune to rotting.


Message History

You closely miss the raven.
The raven is almost dead.
The raven closely misses you. The raven barely misses you.
You hit the raven.
The raven is almost dead.
The orc priest invokes the aid of Beogh against you.
Something smites you!
* * * LOW HITPOINT WARNING * * *
The raven pecks you but does no damage. You block the raven's attack.
You bludgeon the raven!!
You kill the raven!
Okawaru accepts your kill.
You sock the komodo dragon!
The komodo dragon is moderately wounded.
You puncture the komodo dragon!
The komodo dragon is severely wounded.
Your ring mail prevents you from hitting the komodo dragon.
The komodo dragon is severely wounded.
The komodo dragon bites you!!
You die...

#### #..≈≈≈≈.≈≈≈ ##%..#
######..≈≈≈≈.≈≈≈
#%...P###.......≈≈≈≈....
♣...'.#.............≈≈
#%.P.P#.....###.≈≈≈≈≈.≈≈
##%b. ###o..# #.≈≈≈≈≈.≈≈
### #...##..≈≈≈≈≈.≈≈
#.#######bo.##..≈≈≈≈≈.≈≈
#......@loo.##..........
#..###########.......###
#......## ######.# .####
..... ..... #####


You could see a komodo dragon, a raven, an orc warrior, an orc priest and an
orc.

Vanquished Creatures
  Erolcha (D:8)
  Pikel (D:9)
  Maurice (D:8)
  A centaur skeleton (D:7)
  A troll (D:9)
  A raven (D:10)
  Sigmund (D:2)
  3 slaves (D:9)
  4 yaks (D:6)
  A hippogriff (D:8)
  A wolf (D:9)
  4 ice beasts
  An orc warrior (D:8)
  A sky beast (D:5)
  An ogre (D:7)
  A phantom (D:6)
  11 centaurs
  A necrophage (D:6)
  10 wights
  4 scorpions
  2 electric eels (D:10)
  5 killer bees
  5 crimson imps
  3 jellies
  A quasit (D:7)
  A hound (D:7)
  6 worker ants
  Jessica (D:2)
  Terence (D:2)
  2 iguanas
  2 orc wizards
  A centaur simulacrum (D:9)
  A killer bee zombie (D:8)
  A hound skeleton (D:4)
  2 worker ant zombies
  8 adders
  4 gnolls (D:5)
  2 shadow imps
  A white imp (D:9)
  An adder zombie (D:5)
  2 oozes
  2 worms
  4 adder skeletons
  6 giant geckos
  17 orcs
  3 ball pythons
  13 bats
  2 bat skeletons
  15 goblins
  19 hobgoblins
  11 jackals
  2 quokkas
  4 giant cockroaches
  A giant gecko zombie (D:5)
  10 giant newts
  2 jackal zombies
  10 kobolds
  A quokka skeleton (D:4)
  17 rats
241 creatures vanquished.

Vanquished Creatures (others)
  A slave (D:9)
1 creature vanquished.

Grand Total: 242 creatures vanquished

Notes
Turn   | Place    | Note
--------------------------------------------------------------
     0 | D:1      | halfnothing the Gargoyle Fighter began the quest for the Orb.
     0 | D:1      | Reached XP level 1. HP: 14/14 MP: 1/1
    70 | D:1      | Reached XP level 2. HP: 13/19 MP: 2/2
   384 | D:1      | Reached XP level 3. HP: 19/23 MP: 3/3
   541 | D:2      | Noticed Sigmund
   549 | D:2      | Killed Sigmund
   549 | D:2      | Reached skill level 5 in Maces & Flails
   549 | D:2      | Reached XP level 4. HP: 3/28 MP: 0/4
   549 | D:2      | Reached XP level 5. HP: 3/32 MP: 0/5
   898 | D:2      | Noticed Jessica
   904 | D:2      | Killed Jessica
   904 | D:2      | Reached skill level 6 in Maces & Flails
   919 | D:2      | Noticed Terence
   937 | D:2      | Killed Terence
   937 | D:2      | Reached XP level 6. HP: 31/37 MP: 4/6
  1750 | D:3      | Found a shimmering altar of Xom.
  2056 | D:3      | Reached skill level 7 in Maces & Flails
  2333 | D:4      | Reached XP level 7. HP: 41/41 MP: 7/7
  2994 | D:5      | Entered Level 5 of the Dungeon
  3164 | D:5      | Reached skill level 8 in Maces & Flails
  3500 | D:5      | Found Hisuub's Weapon Emporium.
  3642 | D:5      | Reached skill level 9 in Maces & Flails
  3642 | D:5      | Reached XP level 8. HP: 39/46 MP: 8/8
  4006 | D:5      | Found a deep blue altar of Sif Muna.
  4231 | D:6      | Reached skill level 10 in Maces & Flails
  4377 | D:6      | Reached skill level 11 in Maces & Flails
  4406 | D:6      | Reached XP level 9. HP: 31/51 MP: 7/9
  4419 | D:6      | Found a blossoming altar of Fedhas.
  4751 | D:6      | Reached skill level 12 in Maces & Flails
  4784 | D:6      | Reached skill level 5 in Shields
  5080 | D:7      | Noticed a centaur skeleton
  5092 | D:7      | Killed a centaur skeleton
  5239 | D:7      | Found a staircase to the Ecumenical Temple.
  5299 | D:7      | Reached XP level 10. HP: 40/56 MP: 10/10
  5309 | Temple   | Entered the Ecumenical Temple
  5316 | Temple   | Became a worshipper of Warmaster Okawaru
  5733 | D:8      | Noticed Erolcha
  5745 | D:8      | Killed Erolcha
  5777 | D:8      | Acquired Okawaru's first power
  5884 | D:8      | Reached skill level 10 in Shields
  6081 | D:8      | Noticed Maurice
  6107 | D:8      | Killed Maurice
  6285 | D:9      | Noticed Pikel
  6295 | D:9      | Killed Pikel
  6528 | D:9      | Noticed Erica
  6949 | D:10     | Entered Level 10 of the Dungeon
  7089 | D:10     | Reached XP level 11. HP: 60/60 MP: 11/11
  7097 | D:10     | Found a white marble altar of Elyvilon.
  7313 | D:11     | Noticed Fannar
  7324 | D:10     | HP: 2/60 [orc priest/divine providence (8)]
  7328 | D:10     | Demolished by a komodo dragon

Vault maps used:
D:1:      eino_arrival_druids_welcome
D:2:      uniq_jessica, uniq_terence, uniq_sigmund
D:3:      minmay_misc_feat_more_columns, minmay_crystal_room, led_xom_imps
D:4:      first_bread
D:5:      lemuel_blue_sif_altar, serial_shops, kennysheep_little_box
D:6:      fedhas_altar_4
D:7:      serial_park_square1, temple_doors_b
D:8:      uniq_erolcha, uniq_maurice
D:9:      serial_ice, serial_ice_e, serial_ice_d, serial_ice_a, serial_ice_h,
          uniq_erica, uniq_pikel
D:10:     minmay_lair_entry_lava, serial_shops,
          nicolae_shop_competitors_out_of_business, grunt_tengu_nest,
          minivault_14, elyvilon_altar_4
D:11:     orc_david_3, enter_trove_2, serial_shops, shop, uniq_maud,
          uniq_fannar, uniq_josephine
Temple:   nicolae_temple_no_exploring_needed

Action                   |  1- 3 |  4- 6 |  7- 9 | 10-12 || total
-------------------------+-------+-------+-------+-------++-------
Melee: Flail             |    65 |   234 |   303 |    22 ||   624
       Mace              |       |       |   200 |   127 ||   327
       Morningstar       |       |       |       |   118 ||   118
Invok: Heroism           |       |       |       |     2 ||     2
Evoke: Wand              |       |       |       |     2 ||     2
  Use: Potion            |     1 |       |       |       ||     1
       Scroll            |       |       |     1 |     2 ||     3
 Stab: Distracted        |       |       |       |     1 ||     1
  Eat: Chunk             |       |     5 |    11 |     4 ||    20
       Bread ration      |       |       |       |     1 ||     1
